 Dungeon Crawl Stone Soup version 0.27-a0-65-gfb268537a3 (webtiles) character file.

Game seed: 5458362082661182480

15208 sahdkjhfkaj the Nimble (level 12, -2/94 HPs)
             Began as a Gnoll Gladiator on Jan 8, 2021.
             Was an Initiate of Gozag.
             Slain by a blink frog (11 damage)
             ... on level 2 of the Lair of Beasts.
             The game lasted 00:23:56 (19784 turns).

sahdkjhfkaj the Nimble (Gnoll Gladiator)           Turns: 19784, Time: 00:23:56

Health: -2/94      AC: 17    Str: 15      XL:     12   Next: 24%
Magic:  22/22      EV:  8    Int: 17      God:    Gozag
Gold:   94         SH:  6    Dex: 15 (16) Spells: 23/25 levels left

rFire    + . .     SeeInvis +   a - +1 war axe of Xejuoble {speed, rElec rC++ Will+ Str-3 Int+2}
rCold    + + .     Faith    .   P - +0 buckler
rNeg     . . .     Spirit   .   Q - +0 plate armour
rPois    .         Reflect  .   D - +2 helmet {SInv}
rElec    +         Harm     .   (no cloak)
rCorr    .         Rampage  .   w - +0 pair of gloves
Will     +....                  (no boots)
Stlth    ..........             p - amulet of magic regeneration
HPRegen  0.25/turn              k - ring of protection from fire
MPRegen  0.43/turn              (no ring)

@: hasted, very quick
A: distributed training, fangs 1, strong nose
a: Renounce Religion, Potion Petition, Call Merchant, Bribe Branch


You were on level 2 of the Lair of Beasts.
You worshipped Gozag.
Gozag was noncommittal.
You visited 3 branches of the dungeon, and saw 15 of its levels.

You collected 2080 gold pieces.
You paid 1986 gold pieces to Gozag.

Inventory:

Hand Weapons
 a - the +1 war axe of Xejuoble (weapon) {speed, rElec rC++ Will+ Str-3 Int+2}
   (You found it on level 11 of the Dungeon)

   Attacks with this weapon are significantly faster.
   It affects your strength (-3).
   It affects your intelligence (+2).
   It greatly protects you from cold.
   It insulates you from electricity.
   It affects your willpower, your defense against some magical effects.
 b - a +0 dagger of venom
 L - a +1 scimitar of flaming
Missiles
 d - 2 throwing nets (quivered) {!f}
Armour
 w - a +0 pair of gloves (worn)
 D - a +2 helmet of see invisible (worn)
 P - a +0 buckler (worn)
 Q - a +0 plate armour (worn)
Jewellery
 c - a +6 ring of intelligence {unknown}
 k - a ring of protection from fire (left hand)
 p - an amulet of magic regeneration (around neck)
 q - an uncursed ring of ice {unknown}
Wands
 x - a wand of polymorph (6)
 A - a wand of paralysis (6)
 F - a wand of digging (6)
 G - a wand of flame (15)
 J - a wand of random effects (30)
 N - a wand of disintegration (20)
Scrolls
 e - 4 scrolls of teleportation {!r}
 f - a scroll of identify
 i - 6 scrolls of magic mapping
 j - a scroll of fog
 l - 3 scrolls of enchant weapon
 r - 4 scrolls of immolation
 y - 2 scrolls of blinking
 B - 4 scrolls of remove curse
 C - a scroll of enchant armour
 K - 2 scrolls of fear
 M - a scroll of amnesia
 O - a scroll of silence {!r}
Potions
 g - 4 potions of might
 h - 2 potions of resistance
 m - a potion of cancellation {unknown}
 n - a potion of invisibility {unknown}
 o - 4 potions of brilliance
 s - 4 potions of haste
 t - 2 potions of curing
 u - 4 potions of mutation
 z - a potion of heal wounds {unknown}
 E - a potion of lignification
 H - 3 potions of flight
 I - a potion of degeneration


   Skills:
 + Level 8.5 Fighting
 + Level 9.7 Short Blades
 + Level 7.1 Long Blades
 + Level 7.1 Axes
 + Level 7.1 Maces & Flails
 + Level 7.1 Polearms
 + Level 7.1 Staves
 + Level 7.1 Slings
 + Level 7.1 Bows
 + Level 7.1 Crossbows
 + Level 8.5 Throwing
 + Level 7.1 Armour
 + Level 9.7 Dodging
 + Level 7.1 Stealth
 + Level 7.1 Shields
 + Level 7.1 Unarmed Combat
 + Level 7.1 Spellcasting
 + Level 5.9 Conjurations
 + Level 5.9 Hexes
 + Level 5.9 Summonings
 + Level 5.9 Necromancy
 + Level 5.9 Translocations
 + Level 5.9 Transmutations
 + Level 5.9 Fire Magic
 + Level 5.9 Ice Magic
 + Level 5.9 Air Magic
 + Level 5.9 Earth Magic
 + Level 5.9 Poison Magic
 + Level 7.8 Invocations
 + Level 7.1 Evocations


You had 23 spell levels left.
You knew the following spells:

 Your Spells              Type           Power        Failure   Level
T - Wereblood             Tmut           26%          61%         2

Your spell library contained the following spells:

 Spells                   Type           Power        Failure   Level
 Beastly Appendage        Tmut           52%          45%         1
 Corona                   Hex            28%          45%         1
 Sting                    Tmut/Pois      100%         45%         1
 Poisonous Vapours        Pois/Air       52%          61%         2
 Slow                     Hex            26%          61%         2
 Ignite Poison            Fire/Tmut/Pois 26%          83%         3
 Inner Flame              Hex/Fire       26%          83%         3
 Mephitic Cloud           Conj/Pois/Air  26%          83%         3
 Portal Projectile        Hex/Tloc       52%          83%         3
 Spider Form              Tmut/Pois      13%          83%         3
 Cause Fear               Hex            13%          99%         4
 Ice Form                 Ice/Tmut       26%          99%         4
 Leda's Liquefaction      Hex/Erth       13%          99%         4
 Olgreb's Toxic Radiance  Pois           26%          99%         4
 Blade Hands              Tmut           13%          100%        5


Dungeon Overview and Level Annotations

Branches:
Dungeon (12/15)            Temple (1/1) D:7            Lair (2/6) D:10
    Orc (0/2) D:10
  Swamp: Lair:2-4    Shoals: Lair:2-4     Snake: Lair:2-4    Spider: Lair:2-4

Altars:
Ashenzari
Cheibriados
Dithmenos
Elyvilon
Fedhas
Gozag
Hepliaklqana
Kikubaaqudgha
Makhleb
Nemelex Xobeh
Okawaru
Qazlal
Ru
Sif Muna
Trog
Uskayaw
Vehumet
Wu Jian
Xom
Yredelemnul
Zin
The Shining One

Shops:
D:6 *   Lair:1 :

Annotations:
D:4 2 transporters, sahdkjhfkaj's ghost, amateur OgSu
D:10 3 runed translucent doors
D:11 1 runed translucent door


Innate Abilities, Weirdness & Mutations

Your experience applies equally to all skills.
You have very sharp teeth.
Your uncanny sense of smell can sniff out nearby items.


Message History

* * * LOW HITPOINT WARNING * * *
You block the blink frog's attack.
You barely miss the blink frog.
The blink frog is almost dead.
You miss the blink frog.
The blink frog blinks!
Unknown command.
You hit the blink frog but do no damage.
Your bite misses the blink frog.
The blink frog is almost dead.
You barely miss the blink frog.
The blink frog blinks! x2
The blink frog hits you but does no damage.
Unknown command.
Unknown command.
You slash the blink frog! You bite the blink frog.
The blink frog is moderately wounded.
You barely miss the blink frog.
The blink frog is almost dead.
You barely miss the blink frog. The blink frog hits you!
You die...
Your body crumbles into a pile of gold.

#..)...... #........
##....... #.......#
##......# $ #.......##
#.....F..# ##....@§##
#P.$..F§P# ######
####....F.F##
##.P#.###.....$.....#
.................§....
.......................
........................
...............>........
............§.........


You could see 4 blink frogs.

Vanquished Creatures
  A hydra (Lair:1)
  A deep troll earth mage (D:11)
  An ugly thing (D:11)
  Joseph (D:8)
  A black mamba (Lair:1)
  4 elephants (Lair:1)
  A centaur zombie (D:12)
  A centaur skeleton (D:11)
  2 komodo dragons
  3 cane toads
  6 trolls
  A meliai zombie (D:11)
  A hornet (D:12)
  A blink frog (Lair:2)
  Sigmund (D:6)
  11 yaks
  A wraith (D:11)
  A wyvern (Lair:2)
  Menkaure (D:6)
  A water moccasin (Lair:2)
  9 orc warriors
  5 ice beasts
  3 phantoms
  A black bear (D:6)
  A necrophage (D:9)
  3 ogres
  5 centaurs
  3 big kobolds
  7 bullfrogs
  A wyvern zombie (D:6)
  A wyvern skeleton (D:11)
  3 scorpions
  2 water moccasin skeletons
  10 killer bees
  6 wights
  An electric eel (D:10)
  2 howler monkeys
  2 jellies
  5 hounds
  11 orc priests
  8 orc wizards
  2 iguanas
  Terence (D:2)
  A hound zombie (D:10)
  3 hound skeletons
  A howler monkey zombie (D:8)
  A worker ant zombie (D:9)
  Robin (D:3)
  3 gnolls (D:4)
  13 adders
  2 howler monkey skeletons
  5 white imps
  5 ufetubi
  2 oozes
  4 worms
  2 dart slugs
  5 leopard geckos
  48 orcs
  8 bats
  9 giant cockroaches
  15 goblins
  8 hobgoblins
  18 jackals
  21 kobolds
  8 quokkas
  3 ball pythons
  6 frilled lizards
  7 rats
332 creatures vanquished.

Vanquished Creatures (others)
  Maggie (D:7)
  10 fungi
  26 plants
37 creatures vanquished.

Grand Total: 369 creatures vanquished

Notes
Turn   | Place    | Note
-------+----------+-------------------------------------------
     0 | D:1      | sahdkjhfkaj the Gnoll Gladiator began the quest for the
                  | Orb.
     0 | D:1      | Reached XP level 1. HP: 20/20 MP: 1/1
   206 | D:1      | Reached XP level 2. HP: 26/26 MP: 2/2
   490 | D:1      | Reached XP level 3. HP: 31/31 MP: 3/3
   819 | D:2      | Reached skill level 1 in Invocations
   942 | D:2      | Reached skill level 1 in Long Blades
   942 | D:2      | Reached skill level 1 in Axes
   942 | D:2      | Reached skill level 1 in Maces & Flails
   942 | D:2      | Reached skill level 1 in Polearms
   942 | D:2      | Reached skill level 1 in Staves
   942 | D:2      | Reached skill level 1 in Slings
   942 | D:2      | Reached skill level 1 in Bows
   942 | D:2      | Reached skill level 1 in Crossbows
   942 | D:2      | Reached skill level 1 in Armour
   942 | D:2      | Reached skill level 1 in Stealth
   942 | D:2      | Reached skill level 1 in Shields
   942 | D:2      | Reached skill level 1 in Unarmed Combat
   942 | D:2      | Reached skill level 1 in Spellcasting
   942 | D:2      | Reached skill level 1 in Evocations
   951 | D:2      | Reached XP level 4. HP: 34/38 MP: 5/5
  1272 | D:2      | Noticed Terence
  1280 | D:2      | Killed Terence
  1281 | D:2      | Reached skill level 1 in Conjurations
  1281 | D:2      | Reached skill level 1 in Hexes
  1281 | D:2      | Reached skill level 1 in Summonings
  1281 | D:2      | Reached skill level 1 in Necromancy
  1281 | D:2      | Reached skill level 1 in Translocations
  1281 | D:2      | Reached skill level 1 in Transmutations
  1281 | D:2      | Reached skill level 1 in Fire Magic
  1281 | D:2      | Reached skill level 1 in Ice Magic
  1281 | D:2      | Reached skill level 1 in Air Magic
  1281 | D:2      | Reached skill level 1 in Earth Magic
  1281 | D:2      | Reached skill level 1 in Poison Magic
  1798 | D:3      | Reached XP level 5. HP: 24/43 MP: 6/6
  2827 | D:3      | Noticed Robin
  2858 | D:3      | Killed Robin
  2999 | D:3      | Found a sacrificial altar of Ru.
  3071 | D:4      | Found a transporter.
  3072 | D:4      | Noticed sahdkjhfkaj's ghost (amateur OgSu)
  3110 | D:4      | Reached XP level 6. HP: 26/50 MP: 8/8
  3600 | D:4      | Found a transporter.
  3753 | D:4      | Reached skill level 5 in Fighting
  3753 | D:4      | Reached skill level 5 in Throwing
  3807 | D:4      | Found a basalt altar of Yredelemnul.
  3807 | D:4      | Found an iron altar of Okawaru.
  3833 | D:4      | Learned a level 2 spell: Wereblood
  4058 | D:5      | Entered Level 5 of the Dungeon
  4211 | D:5      | Found a blossoming altar of Fedhas.
  5170 | D:6      | Reached XP level 7. HP: 34/56 MP: 10/10
  5310 | D:6      | Noticed Menkaure
  6906 | D:6      | Reached XP level 8. HP: 23/63 MP: 12/12
  7171 | D:6      | Noticed Sigmund
  7186 | D:6      | Killed Sigmund
  7577 | D:6      | Found Zin's Purification Station.
  7582 | D:6      | Found a glowing silver altar of Zin.
  8022 | D:6      | Killed Menkaure
  8603 | D:7      | Reached XP level 9. HP: 68/69 MP: 14/14
  8898 | D:7      | Found a staircase to the Ecumenical Temple.
  8909 | Temple   | Entered the Ecumenical Temple
  9148 | Temple   | Became a worshipper of Gozag Ym Sagoz the Greedy
  9275 | D:7      | Killed Maggie
 10291 | D:8      | HP: 3/70 [orc priest/divine providence (14)]
 10707 | D:8      | Noticed Joseph
 11060 | D:8      | Killed Joseph
 11061 | D:8      | Reached skill level 5 in Invocations
 11867 | D:8      | Got a blackened ring mail
 11877 | D:8      | Identified the +0 ring mail of Ren Ycuu {rN+++ Regen+ Str-2
                  | Int+4} (You found it on level 8 of the Dungeon)
 12331 | D:9      | Reached XP level 10. HP: 77/77 MP: 17/17
 12422 | D:9      | Reached skill level 5 in Long Blades
 12422 | D:9      | Reached skill level 5 in Axes
 12422 | D:9      | Reached skill level 5 in Maces & Flails
 12422 | D:9      | Reached skill level 5 in Polearms
 12422 | D:9      | Reached skill level 5 in Staves
 12422 | D:9      | Reached skill level 5 in Slings
 12422 | D:9      | Reached skill level 5 in Bows
 12422 | D:9      | Reached skill level 5 in Crossbows
 12422 | D:9      | Reached skill level 5 in Armour
 12422 | D:9      | Reached skill level 5 in Stealth
 12422 | D:9      | Reached skill level 5 in Shields
 12422 | D:9      | Reached skill level 5 in Unarmed Combat
 12422 | D:9      | Reached skill level 5 in Spellcasting
 12422 | D:9      | Reached skill level 5 in Evocations
 13268 | D:10     | Entered Level 10 of the Dungeon
 13607 | D:10     | Found a broken altar of Ashenzari.
 13608 | D:10     | You fall into a shaft and drop 2 floors!
 14214 | D:12     | Noticed a brown ugly thing
 14229 | D:11     | Found a runed translucent door.
 14229 | D:11     | Noticed a deep elf high priest
 14229 | D:11     | Noticed a tengu reaver
 14229 | D:11     | Noticed a yaktaur captain
 14230 | D:11     | Noticed a sea snake
 14231 | D:11     | Identified the cursed +1 bardiche "Xeaxua" {elec, rPois rF+
                  | SInv}
 14231 | D:11     | Noticed a tengu reaver
 14231 | D:11     | Noticed a fire dragon
 14231 | D:11     | Noticed a fire dragon
 14231 | D:11     | Noticed a storm dragon
 14231 | D:11     | Noticed a swamp dragon
 14231 | D:11     | a sea snake changed into a swamp dragon
 14238 | D:11     | Noticed a lindwurm
 14238 | D:11     | a swamp dragon changed into a lindwurm
 14241 | D:11     | Noticed a cyclops
 14241 | D:11     | a lindwurm changed into a cyclops
 14243 | D:11     | Noticed an eye of devastation
 14243 | D:11     | a cyclops changed into an eye of devastation
 14246 | D:11     | Noticed a death drake
 14246 | D:11     | an eye of devastation changed into a death drake
 14254 | D:11     | a death drake changed into a jumping spider
 14262 | D:11     | Noticed an unseen horror
 14262 | D:11     | a yaktaur changed into an unseen horror
 14266 | D:11     | an unseen horror changed into a hornet
 14299 | D:11     | Noticed an unseen horror
 14299 | D:11     | a blink frog changed into an unseen horror
 14302 | D:11     | Noticed a black mamba
 14302 | D:11     | an unseen horror changed into a black mamba
 14304 | D:11     | Noticed a salamander
 14304 | D:11     | a black mamba changed into a salamander
 14310 | D:11     | a salamander changed into a meliai
 14314 | D:11     | Noticed a lindwurm
 14314 | D:11     | a tarantella changed into a lindwurm
 14324 | D:11     | Noticed a glowing shapeshifter
 14324 | D:11     | a lindwurm changed into a glowing shapeshifter
 14325 | D:11     | Noticed a shock serpent
 14325 | D:11     | a glowing shapeshifter changed into a shock serpent
 14328 | D:11     | a shock serpent changed into a merfolk
 14484 | D:11     | Reached XP level 11. HP: 50/84 MP: 19/19
 14805 | D:11     | Noticed a deep troll earth mage
 14813 | D:11     | Killed a deep troll earth mage
 14814 | D:11     | Reached skill level 5 in Conjurations
 14814 | D:11     | Reached skill level 5 in Hexes
 14814 | D:11     | Reached skill level 5 in Summonings
 14814 | D:11     | Reached skill level 5 in Necromancy
 14814 | D:11     | Reached skill level 5 in Translocations
 14814 | D:11     | Reached skill level 5 in Transmutations
 14814 | D:11     | Reached skill level 5 in Fire Magic
 14814 | D:11     | Reached skill level 5 in Ice Magic
 14814 | D:11     | Reached skill level 5 in Air Magic
 14814 | D:11     | Reached skill level 5 in Earth Magic
 14814 | D:11     | Reached skill level 5 in Poison Magic
 14816 | D:11     | Got a pitted war axe
 14816 | D:11     | Identified the cursed +1 war axe of Xejuoble {speed, rElec
                  | rC++ Will+ Str-3 Int+2} (You found it on level 11 of the
                  | Dungeon)
 15131 | D:11     | Noticed a white ugly thing
 15153 | D:11     | Killed a white ugly thing
 15315 | D:10     | Found a runed translucent gate.
 15325 | D:10     | Found a runed translucent gate.
 15331 | D:10     | Found a runed translucent gate.
 15331 | D:10     | Noticed a green ugly thing
 15335 | D:10     | Noticed a red ugly thing
 15335 | D:10     | Noticed a glowing orange brain
 15336 | D:10     | Noticed a purple ugly thing
 15336 | D:10     | Noticed a cyan ugly thing
 15688 | D:10     | Found a staircase to the Lair.
 16024 | D:10     | HP: 4/86 [orc priest/+0 flail (3)]
 16549 | D:10     | Found a staircase to the Orcish Mines.
 16954 | Lair:1   | Entered Level 1 of the Lair of Beasts
 18399 | Lair:1   | Reached XP level 12. HP: 81/94 MP: 22/22
 18815 | Lair:2   | Noticed a four-headed hydra
 18830 | Lair:1   | Killed a one-headed hydra
 19784 | Lair:2   | Slain by a blink frog

Illustrated notes

Levels and vault maps discovered:
D:1:      saegor_arrival_simple_b, layout_loops_ring, nrook_mini_backslash
D:2:      layout_loops_corners, chequers_serial_rivers_micro_c, minmay_bisected,
          uniq_terence
D:3:      layout_loops_ring, nicolae_ru_path_of_blood, uniq_robin
D:4:      layout_rooms, gammafunk_temple_overflow_elements,
          gammafunk_ghost_stat_death
D:5:      layout_basic, fedhas_altar_2
D:6:      layout_loops_cross, zin_purify, minmay_misc_feat_alley,
          serial_bayou_pond_b, uniq_sigmund, uniq_menkaure
D:7:      layout_basic, minmay_temple_entry_antechambers, roderic_lattice_a,
          lemuel_old_faithful, uniq_maggie
D:8:      layout_loops_ring, uniq_joseph
D:9:      layout_basic, st_stairs_3
D:10:     layout_loops_corners, david_lair_shrubbed, erik_orc_2,
          ploomutoo_gammafunk_ghost_potion_laboratory, evilmike_ruin_ashenzari
D:11:     minmay_gate_of_8, layout_loops_corners, fungi_pond_lemuel,
          chequers_serial_rivers_micro_a, kennysheep_just_a_vault
D:12:     layout_gridville, kennysheep_nub, st_stairs_10
Temple:   dpeg_five_rooms_temple
Lair:1:   layout_hall_layers, chequers_serial_rivers_small_a
Lair:2:   layout_big_grid, serial_bayou_shore_b, uniq_sonja

Skill      XL: |  1  2  3  4  5  6  7  8  9 10 11 12 |
---------------+-------------------------------------+-----
Invocations    | 1 2 3 4 5 6 7 |  7.8
Long Blades    | 1 2 3 4 5 6 7 |  7.1
Axes           | 1 2 3 4 5 6 7 |  7.1
Maces & Flails | 1 2 3 4 5 6 7 |  7.1
Polearms       | 1 2 3 4 5 6 7 |  7.1
Staves         | 1 2 3 4 5 6 7 |  7.1
Slings         | 1 2 3 4 5 6 7 |  7.1
Bows           | 1 2 3 4 5 6 7 |  7.1
Crossbows      | 1 2 3 4 5 6 7 |  7.1
Armour         | 1 2 3 4 5 6 7 |  7.1
Stealth        | 1 2 3 4 5 6 7 |  7.1
Shields        | 1 2 3 4 5 6 7 |  7.1
Unarmed Combat | 1 2 3 4 5 6 7 |  7.1
Spellcasting   | 1 2 3 4 5 6 7 |  7.1
Evocations     | 1 2 3 4 5 6 7 |  7.1
Conjurations   | 1 2 3 4 5 |  5.9
Hexes          | 1 2 3 4 5 |  5.9
Summonings     | 1 2 3 4 5 |  5.9
Necromancy     | 1 2 3 4 5 |  5.9
Translocations | 1 2 3 4 5 |  5.9
Transmutations | 1 2 3 4 5 |  5.9
Fire Magic     | 1 2 3 4 5 |  5.9
Ice Magic      | 1 2 3 4 5 |  5.9
Air Magic      | 1 2 3 4 5 |  5.9
Earth Magic    | 1 2 3 4 5 |  5.9
Poison Magic   | 1 2 3 4 5 |  5.9
Fighting       | 5 6 7 8 |  8.5
Throwing       | 5 6 7 8 |  8.5
Short Blades   | 7 8 9 |  9.7
Dodging        | 7 8 9 |  9.7

Action                   |  1- 3 |  4- 6 |  7- 9 | 10-12 || total
-------------------------+-------+-------+-------+-------++-------
Melee: Rapier            |    74 |   200 |       |       ||   274
       Bite              |     8 |    45 |   124 |   118 ||   295
       Dagger            |       |   159 |   639 |   318 ||  1116
       Punch             |       |     1 |    22 |    33 ||    56
       Spear             |       |       |    74 |   181 ||   255
       Unarmed           |       |       |       |    25 ||    25
       War axe           |       |       |       |   442 ||   442
       Scimitar          |       |       |       |     8 ||     8
Throw: Throwing net      |       |       |       |     1 ||     1
 Cast: Wereblood         |       |     1 |    18 |    17 ||    36
Invok: Potion Petition   |       |       |       |     3 ||     3
       Call Merchant     |       |       |       |     1 ||     1
Evoke: Wand              |       |       |     3 |    16 ||    19
  Use: Scroll            |     6 |     3 |     6 |    12 ||    27
       Potion            |       |       |     3 |     8 ||    11
 Stab: Sleeping          |     2 |       |     3 |     4 ||     9
       Distracted        |     1 |       |     1 |     1 ||     3
       Paralysed         |       |       |     2 |     5 ||     7
       Held in net/web   |       |       |       |     2 ||     2
       Invisible         |       |       |       |     5 ||     5
Armor: Leather armour    |     8 |       |       |       ||     8
       Chain mail        |    27 |   125 |       |       ||   152
       Ring mail         |       |     5 |   126 |   158 ||   289
       Skin              |       |       |       |    39 ||    39
       Plate armour      |       |       |       |    82 ||    82
Dodge: Dodged            |    51 |   170 |   464 |   570 ||  1255
Block: Buckler           |       |       |       |    69 ||    69

Table legend: (Time is in decaauts)
 A = Elapsed time spent in this place.
 B = Non-inter-level travel time spent in this place.
 C = Inter-level travel time spent in this place.
 D = Time resting spent in this place.
 E = Time spent auto-exploring this place.
 F = Levels seen in this place.
 G = Mean time per level.
                   A        B        C        D        E       F      G
               +--------+--------+--------+--------+--------+-----+--------+
         Total |  19244 |  18165 |   1079 |   2682 |  12277 |  15 | 1282.9 |
       Dungeon |  16347 |  15381 |    966 |   2308 |  10140 |  12 | 1362.2 |
        Temple |    571 |    493 |     78 |      0 |    486 |   1 |  571.0 |
          Lair |   2325 |   2291 |     34 |    374 |   1650 |   2 | 1162.5 |
               +--------+--------+--------+--------+--------+-----+--------+

Top non-repeatable levels by time:
     D:5: 2222 daAuts
     D:6: 2026 daAuts
     D:7: 2001 daAuts
  Lair:1: 1801 daAuts
    D:11: 1730 daAuts
    D:10: 1727 daAuts
     D:9: 1336 daAuts
     D:3: 1285 daAuts
     D:8: 1110 daAuts
     D:4: 1031 daAuts
     D:2: 1016 daAuts
     D:1: 728 daAuts
  Temple: 571 daAuts
  Lair:2: 524 daAuts
    D:12: 130 daAuts
